 Dungeon Crawl Stone Soup version 0.29.1-15-g9cfb28693d (webtiles) character file.

Game seed: 11842778539052632432

202659 croobank the Unforgettable (level 18, -6/127 HPs)
             Began as a Gnoll Fire Elementalist on Apr 2, 2023.
             Was the Champion of Hepliaklqana.
             Killed from afar by a thorn hunter (18 damage)
             ... with a volley of thorns
             ... on level 4 of the Swamp on Apr 3, 2023.
             The game lasted 07:56:16 (41277 turns).

croobank the Unforgettable (GnFE)                  Turns: 41277, Time: 07:56:17

Health: -6/127     AC: 23    Str:  8    XL:     18   Next: 58%
Magic:  4/35       EV: 16    Int: 22    God:    Hepliaklqana [******]
Gold:   2978       SH: 14    Dex: 13    Spells: 12/44 levels left

rFire   . . .      SeeInvis .   Q - +8 war axe of Pestilence {spect, rElec}
rCold   . . .      Faith    .   a - +2 kite shield {AC+3}
rNeg    . . .      Spirit   .   E - +4 troll leather armour
rPois   .          Reflect  .   U - +0 hat
rElec   +          Harm     .   x - +1 cloak
rCorr   +          Rampage  .   (no gloves)
Will    ++...                   q - +2 pair of boots {Fly}
Stlth   +++++.....              i - amulet of the acrobat
HPRegen 1.11/turn               Y - ring of Tollomi {rCorr AC+4}
MPRegen 0.24/turn               C - ring of willpower

@: lethally poisoned (-6 -> -21), flying
A: reduced essence, fangs 1, strong nose, distributed training
}: 1/15 runes: serpentine
a: Renounce Religion, Recall Ancestor, Ancestor Identity, Transference, Idealise


You were on level 4 of the Swamp.
You worshipped Hepliaklqana.
Hepliaklqana was exalted by your worship.
You visited 6 branches of the dungeon, and saw 31 of its levels.
You also visited: Volcano.

You collected 3659 gold pieces.
You spent 681 gold pieces at shops.

Inventory:

Hand Weapons
 F - a +2 dagger of speed
 O - a +6 scimitar of protection
 P - the +5 mace "Ophal" {vorpal, Fly Will+ Int+3}
   (You found it on level 11 of the Dungeon)

   It inflicts extra damage upon your enemies.
   Int:       It affects your intelligence (+3).
   Fly:       It grants you flight.
   Will:      It increases your willpower.
 Q - the +8 war axe of Pestilence (weapon) {spect, rElec}
   (You found it on level 13 of the Dungeon)

   When its wielder attacks, the weapon's spirit leaps out and strikes again.
   The spirit shares a part of any damage it takes with its wielder.
   rElec:     It insulates you from electricity.
Missiles
 e - 11 javelins (quivered)
 l - 2 throwing nets
Armour
 a - a +2 kite shield of protection (worn)
 q - a +2 pair of boots of flying (worn)
 x - a +1 cloak (worn)
 E - a +4 troll leather armour (worn)
 U - a +0 hat (worn)
Jewellery
 f - a ring of protection from fire
 i - an amulet of the acrobat (around neck)
 m - a ring of positive energy
 p - a ring of resist corrosion
 y - a ring of protection from fire
 z - a ring of see invisible
 C - a ring of willpower (right hand)
 J - a ring of protection from cold
 N - a ring of magical power
 S - a +4 ring of evasion
 V - a +4 ring of slaying
 Y - the ring of Tollomi (left hand) {rCorr AC+4}
   (You found it on level 3 of the Lair of Beasts)

   [ring of protection]

   AC:        It affects your AC (+4).
   rCorr:     It protects you from acid and corrosion.
Wands
 r - a wand of light (3)
 u - a wand of mindburst (6)
 v - a wand of roots (11)
 w - a wand of paralysis (6)
 K - a wand of flame (23)
Scrolls
 c - 2 scrolls of fear
 j - 13 scrolls of teleportation
 n - 2 scrolls of immolation
 o - 4 scrolls of vulnerability
 t - 5 scrolls of fog
 B - 5 scrolls of blinking
 D - 13 scrolls of identify
 G - 3 scrolls of silence
 I - 6 scrolls of magic mapping
Potions
 b - 7 potions of ambrosia
 d - 18 potions of curing
 g - 4 potions of might
 k - 8 potions of mutation
 s - 5 potions of invisibility
 A - 3 potions of haste
 L - a potion of cancellation
 M - 6 potions of brilliance
 T - 2 potions of magic
 W - 3 potions of attraction
 X - 2 potions of berserk rage
 Z - a potion of lignification
Miscellaneous
 h - a condenser vane
 R - a tin of tremorstones (2/2)


   Skills:
 + Level 12.9 Fighting
 + Level 12.9 Short Blades
 + Level 12.9 Long Blades
 + Level 12.9 Axes
 + Level 12.9 Maces & Flails
 + Level 12.9 Polearms
 + Level 12.9 Staves
 + Level 12.9 Ranged Weapons
 + Level 12.9 Throwing
 + Level 12.9 Armour
 + Level 13.6 Dodging
 + Level 13.5 Stealth
 + Level 12.9 Shields
 + Level 12.9 Unarmed Combat
 + Level 13.8 Spellcasting
 + Level 11.2 Conjurations
 + Level 10.9 Hexes
 + Level 10.9 Summonings
 + Level 10.9 Necromancy
 + Level 10.9 Translocations
 + Level 10.9 Transmutations
 + Level 12.2 Fire Magic
 + Level 10.9 Ice Magic
 + Level 10.9 Air Magic
 + Level 10.9 Earth Magic
 + Level 10.9 Poison Magic
 + Level 14.0 Invocations
 + Level 12.9 Evocations


You had 12 spell levels left.
You knew the following spells:

 Your Spells              Type           Power      Damage    Failure   Level
a - Foxfire               Conj/Fire      100%       2x1d9     1%          1
b - Scorch                Fire           100%       2d10      1%          2
c - Flame Wave            Conj/Fire      61%        2d14      1%          4
d - Summon Ice Beast      Ice/Summ       59%        N/A       1%          4
e - Summon Mana Viper     Hex/Summ       59%        N/A       3%          5
f - Ensorcelled Hibernat  Hex/Ice        100%       N/A       1%          2
g - Leda's Liquefaction   Hex/Erth       29%        N/A       1%          4
h - Summon Forest         Summ/Tloc      29%        N/A       3%          5
i - Yara's Violent Unrav  Hex/Tmut       29%        3d12      3%          5

Your spell library contained the following spells:

 Spells                   Type           Power      Damage    Failure   Level
 Apportation              Tloc           100%       N/A       1%          1
 Summon Small Mammal      Summ           100%       N/A       1%          1
 Passwall                 Tmut/Erth      49%        N/A       1%          2
 Call Canine Familiar     Summ           59%        N/A       1%          3
 Conjure Flame            Conj/Fire      61%        6-21      1%          3
 Inner Flame              Hex/Fire       60%        N/A       1%          3
 Spider Form              Tmut/Pois      59%        N/A       1%          3
 Summon Guardian Golem    Hex/Summ       59%        N/A       1%          3
 Swiftness                Air            59%        N/A       1%          3
 Tukima's Dance           Hex            59%        N/A       1%          3
 Anguish                  Hex/Necr       29%        N/A       1%          4
 Cause Fear               Hex            29%        N/A       1%          4
 Passage of Golubria      Tloc           59%        N/A       1%          4
 Alistair's Intoxication  Tmut/Pois      39%        N/A       3%          5
 Blade Hands              Tmut           29%        N/A       3%          5
 Irradiate                Conj/Tmut      29%        3d21      3%          5
 Lee's Rapid Deconstruct  Erth           29%        3d16*     3%          5
 Silence                  Hex/Air        29%        N/A       3%          5
 Statue Form              Tmut/Erth      39%        N/A       17%         6
 Summon Cactus Giant      Summ           29%        N/A       17%         6
 Dragon Form              Tmut           29%        N/A       67%         7
 Monstrous Menagerie      Summ           29%        N/A       67%         7
 Lehudib's Crystal Spear  Conj/Erth      29%        10d8      100%        8
 Dragon's Call            Summ           29%        N/A       100%        9


Dungeon Overview and Level Annotations

Branches:
Dungeon (15/15)            Temple (1/1) D:4            Lair (5/5) D:11
  Swamp (4/4) Lair:3        Snake (4/4) Lair:2        Slime (0/5) Lair:5
    Orc (2/2) D:12            Elf (0/3) Orc:2        Vaults (0/5) D:14
 Depths (0/4) D:15        Volcano (visited)

Altars:
Ashenzari
Cheibriados
Dithmenos
Elyvilon
Fedhas
Gozag
Hepliaklqana
Kikubaaqudgha
Makhleb
Nemelex Xobeh
Okawaru
Qazlal
Ru
Sif Muna
Trog
Uskayaw
Vehumet
Wu Jian
Xom
Yredelemnul
Zin
The Shining One

Shops:
D:1 [?*:   Orc:2 :?=!   Snake:2 (([   Snake:3 (**

Portals:
Abyss: Swamp:2

Annotations:
D:9 3 runed translucent doors, exclusion: orange crystal statue
D:12 3 runed translucent doors, BraveToast's ghost, journeyman FoFi
Swamp:2 2 transporters, Ashtray's ghost, adept DECj
Snake:3 3 runed translucent doors, exclusion: obsidian statue, Seidenschwarz's ghost, adept MiFi


Innate Abilities, Weirdness & Mutations

Your life essence is reduced to manifest your ancestor. (-10% HP)
You have very sharp teeth.
Your uncanny sense of smell can sniff out nearby items.
Your experience applies equally to all skills.


Message History

The six-headed hydra bites you but does no damage.
The six-headed hydra closely misses you.
A thorn hunter comes into view.
A seven-headed hydra comes into view.
Casting: Scorch (safe; 1% risk of failure)
Confirm with . or Enter, or press ? or * to list all spells.
Flames lash the six-headed hydra.
The six-headed hydra is burned terribly!
The six-headed hydra is almost dead.
The seven-headed hydra roars!
You are engulfed in poison gas.
You are more poisoned.
You feel extremely sick. The six-headed hydra barely misses you.
You block the six-headed hydra's attack. x2
The six-headed hydra bites you! The six-headed hydra bites you.
The six-headed hydra closely misses you.
Casting: Scorch (safe; 1% risk of failure)
Confirm with . or Enter, or press ? or * to list all spells.
Flames lash the six-headed hydra.
The six-headed hydra is burned terribly!
You kill the six-headed hydra!
You are engulfed in poison gas.
You are more poisoned.
* * * LOW HITPOINT WARNING * * *
x2 You feel extremely sick.
* * * LOW HITPOINT WARNING * * *
You feel extremely sick.
Thorny briars emerge from the ground!
There is a stone staircase leading up here.
Things that are here:
+0 swamp dragon scales; a swamp dragon corpse
* * * LOW HITPOINT WARNING * * *
You feel extremely sick.
The briar patch is engulfed in blazing flames.
You destroy the briar patch!
The briar patch is engulfed in blazing flames.
You destroy the briar patch!
The thorn hunter fires a volley of thorns at you.
The volley of thorns hits you!!
You die...

## ∆ ~♣♣♣♣..~♣♣~♣
.~# ♣.♣ ~~~.♣~§♣
.~.# ♣♣.♣♣~~~~§~.♣
#≈.# ♣~P.~♣ ♣~~.~♣
#.~# ♣PP.~♣ ♣~~~♣
#.≈###♣PPD.♣♣♣♣~..♣
#♣.~~§†PP)..~♣♣.~.♣
∆#.~~†..PP.~.......♣
∆#~.[.f.P@....~<..♣♣
#.~###♣PP...~.~♣♣♣♣
#D~# ♣☼P~....§<.§♣
#≈§# ♣○P...~~~~~.♣
n≈.# #♣♣♣♣~~~§~.♣♣
..# ♣.~~.~♣♣ ## ∆
♣..~~♣♣ ∆ ♣♣♣♣♣♣


You could see a thorn hunter and a seven-headed hydra.

Vanquished Creatures
  A fenstrider witch (Swamp:2)
  2 nagarajas
  Aizul (Snake:2)
  Nessos (Orc:2)
  2 eleionomae
  A bunyip (Swamp:2)
  Josephine (D:14)
  A fire dragon (Lair:5)
  A vault guard (D:14)
  A rakshasa (D:13)
  Erolcha (D:11)
  14 hydras
  3 boulder beetles
  4 two-headed ogres
  4 anacondas
  6 naga warriors
  2 catoblepae
  4 tengu warriors
  3 centaur warriors
  2 death yaks (Lair:5)
  13 naga sharpshooters
  6 shock serpents
  An orc high priest (Orc:2)
  A hell knight (D:15)
  7 spriggans (Swamp:2)
  A skeletal warrior (D:13)
  A salamander mystic (Snake:3)
  Lodul (D:12)
  3 goliath frogs
  A spriggan druid (Swamp:3)
  3 naga ritualists
  4 swamp dragons
  2 bog bodies
  A lindwurm (Lair:5)
  A necromancer (D:15)
  4 mana vipers
  A wizard (Volcano)
  10 ugly things
  2 deep elf pyromancers
  3 orc sorcerers (Orc:2)
  3 salamanders (Snake:3)
  A slime creature (D:12)
  2 manticores
  A will-o-the-wisp (Swamp:1)
  6 cyclopes
  20 black mambas
  A guardian serpent (Snake:4)
  A molten gargoyle (D:11)
  2 toenail golems (Volcano)
  A gargoyle (D:11)
  An unseen horror (shapeshifter) (D:13)
  5 naga magi
  A torpor snail (Lair:5)
  10 cane toads
  A kobold demonologist (D:11)
  A rime drake (Lair:2)
  Maggie (D:10)
  2 komodo dragons
  3 tengu conjurers
  An unseen horror (D:7)
  A polar bear (shapeshifter) (D:13)
  8 tyrant leeches
  Grinder (D:3)
  2 trolls
  15 hornets
  8 polar bears (Lair:5)
  A raiju (Lair:5)
  5 blink frogs
  A centaur simulacrum (D:15)
  A shadow (D:11)
  21 yaks
  4 wyverns
  3 basilisks
  3 wraiths (D:14)
  2 steam dragons
  6 vampire mosquitoes
  2 wargs
  7 swamp worms
  14 nagas
  4 hell hounds (Lair:5)
  An acid dragon (D:12)
  5 water moccasins
  9 orc warriors
  A swamp drake (Swamp:4)
  8 black bears (Lair:5)
  3 ice beasts
  15 ogres
  9 centaurs
  10 wolves (Lair:5)
  A phantom (D:7)
  3 kobold brigands (D:6)
  4 necrophages
  2 scorpions
  10 bullfrogs
  3 gnoll sergeants (D:6)
  7 wights
  24 killer bees
  10 howler monkeys
  4 electric eels (Lair:4)
  21 orc priests
  3 gnoll boudas (D:6)
  9 hounds
  4 iguanas
  18 orc wizards
  Ijyb (D:3)
  3 hell rats (Lair:5)
  17 gnolls
  6 adders
  A shadow imp (D:8)
  2 white imps
  An ufetubus (D:5)
  4 worms
  3 dart slugs
  55 orcs
  4 ball pythons (D:3)
  4 bats
  5 endoplasms
  A giant cockroach (D:1)
  7 goblins
  12 hobgoblins
  7 jackals
  3 quokkas
  5 frilled lizards
  2 kobolds
  4 rats
  2 briar patches (Swamp:4)
  A foxfire (Snake:3)
628 creatures vanquished.

Vanquished Creatures (collateral kills)
  Mlioglotl (Swamp:3)
  A quicksilver dragon (Snake:4)
  6 nagarajas
  A balrug (Orc:1)
  An eleionoma (Swamp:4)
  A bunyip (Swamp:2)
  An ettin (D:15)
  2 fire dragons
  5 hydras
  2 salamander tyrants (Snake:4)
  A centaur warrior (D:13)
  4 boulder beetles
  5 anacondas
  A dancing weapon (Volcano)
  2 alligators
  3 tengu warriors
  3 naga sharpshooters
  A death yak (Lair:5)
  11 naga warriors
  2 spriggan berserkers (Swamp:3)
  10 spriggans
  5 shock serpents
  2 skeletal warriors (D:13)
  2 goliath frogs
  2 salamander mystics
  3 swamp dragons
  2 naga ritualists
  3 mana vipers (Snake:2)
  An orc knight (Orc:2)
  A lindwurm (Lair:5)
  4 wizards
  4 orc sorcerers
  A deep elf pyromancer (D:14)
  6 ugly things
  A will-o-the-wisp (Swamp:3)
  5 salamanders
  4 cyclopes
  2 guardian serpents
  13 black mambas
  3 toenail golems (Volcano)
  A guardian serpent (shapeshifter) (D:13)
  5 naga magi
  4 torpor snails (Lair:5)
  A molten gargoyle (D:11)
  4 cane toads
  A gargoyle (D:10)
  A freezing wraith (D:14)
  2 komodo dragons
  An efreet (D:15)
  A rime drake (Lair:4)
  4 polar bears
  5 trolls
  A queen bee (Lair:3)
  9 hornets
  A polar bear (shapeshifter) (D:15)
  3 blink frogs
  5 tyrant leeches
  2 slime creatures
  A raiju (Lair:5)
  A shadow (D:11)
  3 wraiths (D:14)
  18 yaks
  A basilisk (Lair:5)
  4 vampire mosquitoes
  18 nagas
  2 water moccasins
  4 swamp worms
  8 wargs
  11 hell hounds (Lair:5)
  12 orc warriors
  3 black bears (Lair:5)
  3 wolves (Lair:5)
  3 ogres
  A bullfrog (Lair:3)
  3 wights (D:9)
  4 killer bees
  4 lava snakes (D:11)
  13 orc priests
  20 orc wizards
  3 hell rats (Lair:5)
  12 orcs
  23 foxfires
  A snaplasher vine (Snake:4)
355 creatures vanquished.

Vanquished Creatures (others)
  A black mamba (Snake:4)
  A bloated husk (Swamp:2)
  An orc warrior (Orc:2)
  A lava snake (D:11)
  4 ancestors
  55 battlemagi
  2361 foxfires
  29 fungi
  56 plants
  10 snaplasher vines
2519 creatures vanquished.

Grand Total: 3502 creatures vanquished

Notes
Turn   | Place    | Note
-------+----------+-------------------------------------------
     0 | D:1      | croobank the Gnoll Fire Elementalist began the quest for
                  | the Orb.
     0 | D:1      | Reached XP level 1. HP: 13/13 MP: 6/6
   123 | D:1      | Found a faded altar of an unknown god.
   127 | D:1      | Found Fihefid's Magic Scroll Shoppe.
   194 | D:1      | Reached XP level 2. HP: 9/19 MP: 3/7
   197 | D:1      | Learned a level 2 spell: Scorch
   719 | D:1      | Found Teuc Hez's Assorted Antiques.
   778 | D:1      | Bought a glowing red potion for 19 gold pieces
   872 | D:1      | Reached skill level 5 in Spellcasting
   872 | D:1      | Reached XP level 3. HP: 25/25 MP: 2/9
  1087 | D:1      | Found Wezomn's Book Emporium.
  1135 | D:1      | Reached skill level 1 in Invocations
  1327 | D:1      | Found Upremn's Armour Shoppe.
  1417 | D:1      | Bought a scroll of identify for 26 gold pieces
  1655 | D:2      | Reached skill level 1 in Fighting
  1655 | D:2      | Reached skill level 1 in Short Blades
  1655 | D:2      | Reached skill level 1 in Long Blades
  1655 | D:2      | Reached skill level 1 in Axes
  1655 | D:2      | Reached skill level 1 in Maces & Flails
  1655 | D:2      | Reached skill level 1 in Polearms
  1655 | D:2      | Reached skill level 1 in Staves
  1655 | D:2      | Reached skill level 1 in Ranged Weapons
  1655 | D:2      | Reached skill level 1 in Throwing
  1655 | D:2      | Reached skill level 1 in Armour
  1655 | D:2      | Reached skill level 1 in Shields
  1655 | D:2      | Reached skill level 1 in Unarmed Combat
  1655 | D:2      | Reached skill level 1 in Evocations
  1764 | D:2      | Reached XP level 4. HP: 32/32 MP: 0/11
  2309 | D:2      | Reached skill level 1 in Hexes
  2309 | D:2      | Reached skill level 1 in Summonings
  2309 | D:2      | Reached skill level 1 in Necromancy
  2309 | D:2      | Reached skill level 1 in Translocations
  2309 | D:2      | Reached skill level 1 in Transmutations
  2309 | D:2      | Reached skill level 1 in Ice Magic
  2309 | D:2      | Reached skill level 1 in Air Magic
  2309 | D:2      | Reached skill level 1 in Earth Magic
  2309 | D:2      | Reached skill level 1 in Poison Magic
  2619 | D:3      | Found a shimmering altar of Xom.
  2619 | D:3      | Found a sparkling altar of Nemelex Xobeh.
  2705 | D:3      | Noticed Grinder
  2715 | D:3      | Killed Grinder
  2716 | D:3      | Reached skill level 5 in Dodging
  2716 | D:3      | Reached skill level 2 in Invocations
  2716 | D:3      | Reached XP level 5. HP: 38/38 MP: 3/12
  2716 | D:3      | Reached XP level 6. HP: 44/44 MP: 3/14
  3027 | D:3      | Noticed Ijyb
  3030 | D:3      | Killed Ijyb
  3301 | D:3      | Identified the +6 battleaxe "Tuabbouz" {flame, Drain rElec
                  | Will+ Int+6}
  3706 | D:4      | Found a staircase to the Ecumenical Temple.
  3724 | Temple   | Entered the Ecumenical Temple
  3891 | Temple   | Became a worshipper of Hepliaklqana the Forgotten
  3994 | D:4      | Learned a level 4 spell: Flame Wave
  4255 | D:4      | Reached XP level 7. HP: 50/50 MP: 10/15
  4483 | D:5      | Entered Level 5 of the Dungeon
  4939 | D:5      | Reached skill level 5 in Stealth
  4939 | D:5      | Reached skill level 3 in Invocations
  5488 | D:5      | Reached XP level 8. HP: 58/58 MP: 3/16
  5833 | D:5      | Found an ornate altar of the Wu Jian Council.
  5833 | D:5      | Found a snail-covered altar of Cheibriados.
  5833 | D:5      | Found a glowing golden altar of the Shining One.
  6435 | D:6      | Reached skill level 4 in Invocations
  6664 | D:6      | Reached XP level 9. HP: 60/65 MP: 9/18
  7014 | D:6      | Noticed a troll
  7020 | D:6      | Killed a troll
  7021 | D:6      | Reached skill level 5 in Invocations
  7534 | D:6      | Reached skill level 5 in Fighting
  7534 | D:6      | Reached skill level 5 in Short Blades
  7534 | D:6      | Reached skill level 5 in Long Blades
  7534 | D:6      | Reached skill level 5 in Axes
  7534 | D:6      | Reached skill level 5 in Maces & Flails
  7534 | D:6      | Reached skill level 5 in Polearms
  7534 | D:6      | Reached skill level 5 in Staves
  7534 | D:6      | Reached skill level 5 in Ranged Weapons
  7534 | D:6      | Reached skill level 5 in Throwing
  7534 | D:6      | Reached skill level 5 in Armour
  7534 | D:6      | Reached skill level 5 in Shields
  7534 | D:6      | Reached skill level 5 in Unarmed Combat
  7534 | D:6      | Reached skill level 5 in Evocations
  7534 | D:6      | Reached XP level 10. HP: 74/74 MP: 14/20
  7890 | D:6      | Reached * piety under Hepliaklqana
  8762 | D:7      | Reached skill level 5 in Conjurations
  8912 | D:7      | Reached skill level 6 in Invocations
  9579 | D:7      | Noticed an unseen horror
  9586 | D:7      | Killed an unseen horror
 10448 | D:8      | Reached ** piety under Hepliaklqana
 10449 | D:8      | Remembered your ancestor Amurritum as a battlemage
 10518 | D:8      | Found a basalt altar of Yredelemnul.
 10852 | D:8      | Reached skill level 5 in Hexes
 10852 | D:8      | Reached skill level 5 in Summonings
 10852 | D:8      | Reached skill level 5 in Necromancy
 10852 | D:8      | Reached skill level 5 in Translocations
 10852 | D:8      | Reached skill level 5 in Transmutations
 10852 | D:8      | Reached skill level 5 in Ice Magic
 10852 | D:8      | Reached skill level 5 in Air Magic
 10852 | D:8      | Reached skill level 5 in Earth Magic
 10852 | D:8      | Reached skill level 5 in Poison Magic
 10888 | D:9      | Found a runed translucent door.
 10934 | D:9      | Reached XP level 11. HP: 72/72 MP: 15/22
 11097 | D:9      | Found a runed translucent door.
 11114 | D:9      | Found a runed translucent door.
 11717 | D:9      | Reached skill level 7 in Invocations
 11804 | D:9      | Noticed a two-headed ogre
 11814 | D:9      | Killed a two-headed ogre
 12010 | D:9      | Found a runed translucent door.
 12169 | D:9      | Noticed an orange crystal statue
 12229 | D:10     | Entered Level 10 of the Dungeon
 12323 | D:10     | Reached *** piety under Hepliaklqana
 12491 | D:10     | Found a glowing silver altar of Zin.
 12528 | D:10     | Noticed Maggie
 12536 | D:10     | Killed Maggie
 12787 | D:10     | Noticed a two-headed ogre
 12794 | D:10     | Killed a two-headed ogre
 13351 | D:1      | Bought a book of Beasts for 532 gold pieces
 13647 | D:11     | Identified the +5 mace "Ophal" {vorpal, Fly Will+ Int+3}
 13670 | D:11     | Found a staircase to the Lair.
 13688 | D:11     | Noticed a boulder beetle
 13698 | D:11     | Killed a boulder beetle
 13941 | D:11     | Noticed a brown ugly thing
 13946 | D:11     | Killed a brown ugly thing
 14084 | D:11     | Noticed Erolcha
 14097 | D:11     | Killed Erolcha
 14098 | D:11     | Reached XP level 12. HP: 81/81 MP: 10/24
 14775 | D:11     | Reached skill level 8 in Invocations
 14874 | D:12     | Found a staircase to the Orcish Mines.
 14876 | D:12     | Reached **** piety under Hepliaklqana
 15029 | D:12     | Noticed a centaur warrior
 15039 | D:12     | Killed a centaur warrior
 15554 | D:12     | Found a runed translucent gate.
 15555 | D:12     | Found a runed translucent gate.
 15556 | D:12     | Found a runed translucent gate.
 15556 | D:12     | Noticed BraveToast's ghost (journeyman FoFi)
 15601 | D:12     | Noticed Lodul
 15610 | D:12     | Killed Lodul
 15981 | D:12     | Found a glowing silver altar of Zin.
 16387 | D:13     | Noticed a boulder beetle
 16402 | D:13     | Killed a boulder beetle
 16447 | D:13     | Noticed a tengu warrior
 16452 | D:13     | Noticed a tengu warrior
 16455 | D:13     | Killed a tengu warrior
 16602 | D:13     | Noticed an eight-headed hydra
 16602 | D:13     | Noticed a tengu warrior
 16622 | D:13     | Killed a tengu warrior
 16707 | D:13     | Killed an eight-headed hydra
 16788 | D:13     | Noticed a rakshasa
 16788 | D:13     | Noticed a fire dragon
 16836 | D:13     | Killed a fire dragon
 16839 | D:13     | Reached XP level 13. HP: 69/88 MP: 18/26
 16849 | D:13     | Reached skill level 9 in Invocations
 17197 | Lair:1   | Entered Level 1 of the Lair of Beasts
 18482 | Lair:2   | Found a staircase to the Snake Pit.
 18575 | Lair:2   | Reached ***** piety under Hepliaklqana
 18628 | Lair:2   | Learned a level 4 spell: Summon Ice Beast
 18642 | Lair:2   | Reached skill level 10 in Spellcasting
 19904 | Lair:3   | Identified the ring of Tollomi {rCorr AC+4}
 20052 | Lair:3   | Reached skill level 10 in Dodging
 20463 | Lair:3   | Reached skill level 10 in Stealth
 21087 | Lair:3   | Found a staircase to the Swamp.
 21426 | Lair:4   | Reached skill level 10 in Invocations
 21426 | Lair:4   | Reached XP level 14. HP: 78/97 MP: 18/28
 21782 | Lair:4   | Learned a level 5 spell: Summon Mana Viper
 22397 | Lair:5   | Entered Level 5 of the Lair of Beasts
 22519 | Lair:5   | Found a dark tunnel.
 22541 | Volcano  | Entered a volcano
 22545 | Volcano  | Learned a level 2 spell: Ensorcelled Hibernation
 22550 | Volcano  | Learned a level 4 spell: Leda's Liquefaction
 23446 | Lair:5   | Found a staircase to the Slime Pits.
 23540 | Lair:5   | Identified a scroll of acquirement
 23541 | Lair:5   | Acquired a book of Transfigurations
 24318 | Lair:5   | Reached skill level 10 in Fire Magic
 24938 | Lair:5   | Reached skill level 10 in Fighting
 24938 | Lair:5   | Reached skill level 10 in Short Blades
 24938 | Lair:5   | Reached skill level 10 in Long Blades
 24938 | Lair:5   | Reached skill level 10 in Axes
 24938 | Lair:5   | Reached skill level 10 in Maces & Flails
 24938 | Lair:5   | Reached skill level 10 in Polearms
 24938 | Lair:5   | Reached skill level 10 in Staves
 24938 | Lair:5   | Reached skill level 10 in Ranged Weapons
 24938 | Lair:5   | Reached skill level 10 in Throwing
 24938 | Lair:5   | Reached skill level 10 in Armour
 24938 | Lair:5   | Reached skill level 10 in Shields
 24938 | Lair:5   | Reached skill level 10 in Unarmed Combat
 24938 | Lair:5   | Reached skill level 10 in Evocations
 25352 | Lair:5   | Found a runed translucent door.
 25384 | Lair:5   | Reached XP level 15. HP: 95/103 MP: 0/30
 25658 | Lair:5   | Reached skill level 11 in Invocations
 25992 | Lair:5   | Reached ****** piety under Hepliaklqana
 26006 | Lair:5   | Paralysed by a hornet for 1 turns
 26334 | Orc:1    | Entered Level 1 of the Orcish Mines
 26690 | Orc:1    | Learned a level 5 spell: Summon Forest
 26703 | Orc:2    | Entered Level 2 of the Orcish Mines
 26958 | Orc:1    | Found a burning altar of Makhleb.
 27367 | Orc:1    | Found a runed translucent door.
 27371 | Orc:1    | Noticed a balrug
 27382 | Orc:1    | Killed a balrug
 27635 | Orc:2    | Found a staircase to the Elven Halls.
 27654 | Orc:2    | Noticed Nessos
 27661 | Orc:2    | Killed Nessos
 27966 | Orc:2    | Found Sanag's Magic Scroll Shop.
 27966 | Orc:2    | Found Coacs's Distillery.
 27967 | Orc:2    | Found Wiclymiu's Jewellery Boutique.
 27971 | Orc:2    | Found Siashrac's Book Shop.
 27977 | Orc:2    | Bought a potion of magic for 104 gold pieces
 28887 | D:13     | Found a runed translucent door.
 29231 | D:13     | Identified the +8 war axe of Pestilence {spect, rElec}
 29562 | D:14     | Noticed Josephine
 29572 | D:14     | Killed Josephine
 30045 | D:14     | Found a gate to the Vaults.
 30628 | D:15     | Entered Level 15 of the Dungeon
 30714 | D:15     | Reached XP level 16. HP: 111/111 MP: 24/32
 31106 | D:15     | Reached skill level 12 in Invocations
 31198 | D:15     | Found a staircase to the Depths.
 32313 | Snake:1  | Entered Level 1 of the Snake Pit
 32321 | Snake:1  | Learned a level 5 spell: Yara's Violent Unravelling
 32725 | Snake:1  | Identified the +4 rapier "Eczoodae" {freeze, *Noise rC+
                  | Int+4}
 32906 | Snake:1  | Identified the +4 arbalest of Armageddon {vorpal, Fly
                  | Int+4}
 33253 | Snake:2  | Found Feoku's Antique Armour Shoppe.
 33255 | Snake:2  | Found Xonk's Antique Weapon Emporium.
 33258 | Snake:2  | Found Miuloroe's Weapon Shoppe.
 33350 | Snake:2  | Noticed a nagaraja
 33367 | Snake:2  | HP: 4/113 [constriction (2)]
 33375 | Snake:2  | HP: 5/113 [naga ritualist/Olgreb's Toxic Radiance (4)]
 33381 | Snake:2  | Killed a nagaraja
 33568 | Snake:2  | Noticed Aizul
 33580 | Snake:2  | Killed Aizul
 33581 | Snake:2  | Reached skill level 10 in Conjurations
 34112 | Snake:2  | Noticed a nagaraja
 34121 | Snake:2  | Killed a nagaraja
 34611 | Snake:3  | Found Porull's Weapon Shoppe.
 34618 | Snake:3  | Noticed a nagaraja
 34620 | Snake:3  | Reached XP level 17. HP: 101/119 MP: 20/33
 34904 | Snake:3  | Reached skill level 10 in Hexes
 34904 | Snake:3  | Reached skill level 10 in Summonings
 34904 | Snake:3  | Reached skill level 10 in Necromancy
 34904 | Snake:3  | Reached skill level 10 in Translocations
 34904 | Snake:3  | Reached skill level 10 in Transmutations
 34904 | Snake:3  | Reached skill level 10 in Ice Magic
 34904 | Snake:3  | Reached skill level 10 in Air Magic
 34904 | Snake:3  | Reached skill level 10 in Earth Magic
 34904 | Snake:3  | Reached skill level 10 in Poison Magic
 35623 | Snake:3  | Reached skill level 13 in Invocations
 35791 | Snake:3  | Found a runed translucent gate.
 35791 | Snake:3  | Found a runed translucent gate.
 35791 | Snake:3  | Found a runed translucent gate.
 35861 | Snake:3  | Found an opulent altar of Gozag.
 35861 | Snake:3  | Found Dock's Assorted Antiques.
 35861 | Snake:3  | Found Mejem Zoic's Assorted Antiques.
 35862 | Snake:3  | Noticed Seidenschwarz's ghost (adept MiFi)
 35899 | Snake:3  | Found a hide-covered altar of Uskayaw.
 36466 | Snake:4  | Entered Level 4 of the Snake Pit
 37604 | Snake:4  | Noticed a quicksilver dragon
 37607 | Snake:4  | Noticed a quicksilver dragon
 37765 | Snake:4  | Killed a quicksilver dragon
 38123 | Snake:4  | Got a serpentine rune of Zot
 38365 | Swamp:1  | Entered Level 1 of the Swamp
 38424 | Swamp:1  | Reached XP level 18. HP: 126/126 MP: 35/35
 38513 | Swamp:1  | Identified the +0 ring mail "Jiticig" {Rampage rElec Will-}
 39644 | Swamp:2  | Noticed Ashtray's ghost (adept DECj)
 39666 | Swamp:2  | Found a transporter.
 39891 | Swamp:2  | Found a transporter.
 39935 | Swamp:2  | Found a one-way gate to the infinite horrors of the Abyss.
 40574 | Swamp:3  | Noticed Mlioglotl
 40592 | Swamp:3  | Killed Mlioglotl
 41134 | Swamp:4  | Entered Level 4 of the Swamp
 41203 | Swamp:4  | Reached skill level 14 in Invocations
 41277 | Swamp:4  | Killed from afar by a thorn hunter

Illustrated notes

Levels and vault maps discovered:
D:1:      dpeg_arrival_solitude, layout_basic, serial_shops, shop,
          nicolae_shop_behind_doors, nicolae_shop_waterfront,
          nicolae_square_shop, ebering_ecumenical_altar_webs
D:2:      layout_basic, grunt_ministairs_9, minmay_heptomino_h4
D:3:      layout_basic, mainiacjoe_overflow_large_starburst, uniq_ijyb,
          uniq_grinder
D:4:      layout_rooms, minmay_temple_entry_antechambers
D:5:      layout_cave_pools, gammafunk_temple_overflow_claw,
          serial_column_ruins, column_ruins_corridor_straight,
          column_ruins_corridor_T, column_ruins_open_large,
          column_ruins_columns_straight, column_ruins_corridor_water,
          column_ruins_columns_corner, column_ruins_open_small,
          chequers_serial_rivers_small_b
D:6:      lemuel_castle_with_subvaults [lemuel_castle_interior_carwin_3],
          layout_rooms, kennysheep_generic_room_5
D:7:      layout_rooms, serial_co_window_serial, co_window_paths_b,
          co_window_of_opportunity_a, co_window_paths_a,
          co_window_of_opportunity_a, co_window_corner_a, co_window_paths_b,
          co_window_paths_a, co_window_paths_a, co_window_paths_a,
          co_window_broadway_b, co_window_broadway_b, co_window_corner_ca,
          co_window_corner_cb, co_window_of_opportunity_b, co_window_2corner,
          co_window_paths_e, co_window_4corner_a, st_stairs_11
D:8:      layout_basic, hangedman_decor_push, grunt_ogre_cave,
          minmay_ruined_shrine
D:9:      layout_stronghold, minmay_misc_feat_columns,
          minmay_statue_crystal_thing
D:10:     layout_basic, mainiacjoe_overflow_small_starburst, hex_medium,
          uniq_maggie
D:11:     cheibrodos_magma_flow, layout_irregular_city, lair_entry_dummy,
          grunt_decor_junction, uniq_erolcha
D:12:     layout_stronghold, minmay_orc_entry_temple_small,
          gammafunk_ghost_nasty_kobolds, nicolae_benzene_ring, zin_treasury,
          uniq_lodul
D:13:     minmay_the_grid_triangle_9x9_rhombus_full
          [minmay_the_grid_triangle_9x9_subtriangle,
          minmay_the_grid_triangle_9x9_sparse_checkered,
          minmay_the_grid_triangle_9x9_intruding_spiral,
          minmay_the_grid_triangle_9x9_corruption,
          minmay_the_grid_triangle_9x9_checkered,
          minmay_the_grid_triangle_9x9_corrupted_corridor,
          minmay_the_grid_triangle_9x9_descending_squares,
          minmay_the_grid_triangle_9x9_prize_center], layout_rooms,
          gauntlet_entry_generic
D:14:     layout_long_grid, david_vaults_5, minivault_19, uniq_josephine
D:15:     hangedman_depths_entry_civil_slaughter, layout_long_grid
Temple:   nicolae_temple_slightly_damp_pantheon
Lair:1:   layout_cave_pods, grunt_megastairs_4
Lair:2:   layout_cave_pods, dummy_snake_entry
Lair:3:   layout_loops_ring, palyth_hydra_swamp_entry, special_room
          [special_room_bee]
Lair:4:   layout_hall_layers, serial_bayou_lake_a, lemuel_fruit_tree,
          serial_bayou_shore_a
Lair:5:   wormcave, layout_loops_ring, hangedman_lair_caniforms_friends,
          slime_entry_1, nicolae_volcano_entry_two_sided, st_stairs_11
Swamp:1:  layout_basic_swamp, serial_swamp_ruin, evilmike_swamp_ruin_house_5,
          evilmike_swamp_ruin_house_1
Swamp:2:  layout_basic_swamp, gammafunk_ghost_abyssal_escape,
          evilmike_swamp_ruin_house_6, infiniplex_staircase_pool_2
Swamp:3:  layout_basic_swamp, nicolae_swamp_fairy_circle, uniq_mlioglotl
Swamp:4:  swamp_basic_johnstein, layout_basic_swamp
Snake:1:  layout_rooms, nicolae_snake_serpentine_hallways
Snake:2:  layout_rooms, nicolae_snake_coiling_death, minmay_shop_star,
          uniq_aizul
Snake:3:  layout_cave_town, ebering_ghost_gozag, basic_altar, serial_shops,
          shop_statue, nicolae_snake_gridmaze_waves
Snake:4:  hellmonk_snake_rune_quicksilver_temple, layout_cave_town
Orc:1:    dreamdust_dug_too_deep, layout_diamond_mine, basic_altar
Orc:2:    st_orc_mages, layout_caves, uniq_nessos

Skill      XL: |  1  2  3  4  5  6  7  8  9 10 11 12 13 14 15 16 17 18 |
---------------+-------------------------------------------------------+-----
Conjurations   | 2 3 4 5 6 7 8 9 10 11 | 11.2
Spellcasting   | 5 6 7 8 9 10 11 12 13 | 13.8
Invocations    | 1 2 3 4 5 6 7 8 10 11 12 13 14 | 14.0
Fighting       | 1 2 3 5 6 7 8 9 10 11 12 | 12.9
Short Blades   | 1 2 3 5 6 7 8 9 10 11 12 | 12.9
Long Blades    | 1 2 3 5 6 7 8 9 10 11 12 | 12.9
Axes           | 1 2 3 5 6 7 8 9 10 11 12 | 12.9
Maces & Flails | 1 2 3 5 6 7 8 9 10 11 12 | 12.9
Polearms       | 1 2 3 5 6 7 8 9 10 11 12 | 12.9
Staves         | 1 2 3 5 6 7 8 9 10 11 12 | 12.9
Ranged Weapons | 1 2 3 5 6 7 8 9 10 11 12 | 12.9
Throwing       | 1 2 3 5 6 7 8 9 10 11 12 | 12.9
Armour         | 1 2 3 5 6 7 8 9 10 11 12 | 12.9
Shields        | 1 2 3 5 6 7 8 9 10 11 12 | 12.9
Unarmed Combat | 1 2 3 5 6 7 8 9 10 11 12 | 12.9
Evocations     | 1 2 3 5 6 7 8 9 10 11 12 | 12.9
Hexes          | 1 2 3 4 5 6 7 8 9 10 | 10.9
Summonings     | 1 2 3 4 5 6 7 8 9 10 | 10.9
Necromancy     | 1 2 3 4 5 6 7 8 9 10 | 10.9
Translocations | 1 2 3 4 5 6 7 8 9 10 | 10.9
Transmutations | 1 2 3 4 5 6 7 8 9 10 | 10.9
Ice Magic      | 1 2 3 4 5 6 7 8 9 10 | 10.9
Air Magic      | 1 2 3 4 5 6 7 8 9 10 | 10.9
Earth Magic    | 1 2 3 4 5 6 7 8 9 10 | 10.9
Poison Magic   | 1 2 3 4 5 6 7 8 9 10 | 10.9
Dodging        | 5 6 7 8 9 10 11 12 13 | 13.6
Stealth        | 5 6 7 8 9 10 11 12 13 | 13.5
Fire Magic     | 6 7 8 9 10 11 12 | 12.2

Action                   |  1- 3 |  4- 6 |  7- 9 | 10-12 | 13-15 | 16-18 || total
-------------------------+-------+-------+-------+-------+-------+-------++-------
Melee: Unarmed           |     2 |       |       |       |       |       ||     2
       Flail             |     1 |       |       |       |       |       ||     1
       Dagger            |       |     8 |    27 |    40 |    41 |       ||   116
       Bite              |       |       |     2 |     8 |    30 |    21 ||    61
       Punch             |       |       |     2 |     2 |       |       ||     4
       War axe           |       |       |       |    16 |    20 |   104 ||   140
       Mace              |       |       |       |     5 |   132 |    12 ||   149
       Scimitar          |       |       |       |       |       |    33 ||    33
Throw: Throwing net      |       |       |       |     1 |       |       ||     1
       Dart              |       |       |       |       |     1 |       ||     1
 Cast: Foxfire           |    43 |    47 |   124 |   192 |   396 |   557 ||  1359
       Scorch            |    14 |    41 |    76 |   225 |   359 |   243 ||   958
       Flame Wave        |       |       |     3 |     5 |    14 |     5 ||    27
       Summon Ice Beast  |       |       |       |       |    15 |    12 ||    27
       Summon Mana Viper |       |       |       |       |    19 |    28 ||    47
       Ensorcelled Hiber |       |       |       |       |     8 |     3 ||    11
       Leda's Liquefacti |       |       |       |       |     3 |       ||     3
       Summon Forest     |       |       |       |       |    12 |    20 ||    32
       Yara's Violent Un |       |       |       |       |       |    10 ||    10
Invok: Ancestor Life: Ba |       |       |       |     1 |       |       ||     1
       Recall Ancestor   |       |       |       |     1 |       |     1 ||     2
       Idealise          |       |       |       |       |       |     1 ||     1
Evoke: Wand              |       |       |     1 |     5 |    11 |     1 ||    18
       Condenser vane    |       |       |       |       |     2 |     1 ||     3
       Tin of tremorston |       |       |       |       |       |     1 ||     1
  Use: Scroll            |     3 |     5 |     6 |    17 |    13 |     8 ||    52
       Potion            |       |       |     2 |     5 |     2 |    12 ||    21
 Stab: Distracted        |       |       |       |       |     5 |     8 ||    13
       Sleeping          |       |       |       |       |     7 |     1 ||     8
       Paralysed         |       |       |       |       |     2 |       ||     2
       Invisible         |       |       |       |       |       |     2 ||     2
Armor: Robe              |       |     1 |    10 |       |     5 |       ||    16
       Troll leather arm |       |       |     2 |    36 |    90 |   125 ||   253
Dodge: Dodged            |     2 |    10 |    43 |   101 |   241 |   197 ||   594
Block: Kite shield       |       |       |       |    21 |   184 |   221 ||   426
